AoeStats
← Guitencule

Oasis

507092285Analyzed
3v3 RM · 17d ago on Sep 16, 2026· 44m 14s· 6 players
Game mode
Random Map
Map size
Normal (6 player)
Population
200
Speed
Normal
Resources
Standard
Victory
Conquest
Starting age
Dark Age
Ending age
Imperial Age
RankedLock teamsTeams togetherTeam positionsShared explorationLock speedFull tech treeHidden civsTurbo modeCheats
Victory
Defeat
🇫🇷 Japanese · France
767
+15
🇨🇱 Tatars · Chile
762
+15
🇫🇷 Burgundians · France
755
+15
🇪🇸 Lithuanians · Spain
788
-16
🇮🇳 Vietnamese · India
728
-15
🇳🇱 Hindustanis · Netherlands
712
-14
nel
0:47 Loom
11:38 Feudal Age
12:11 Double-Bit Axe
12:10 Horse Collar
20:05 Castle Age
18:21 Stone Mining
18:37 Gold Mining
21:04 Bow Saw
21:02 Heavy Plow
21:56 Wheelbarrow
22:34 Gold Shaft Mining
25:00 Hand Cart
24:49 Caravan
26:52 Husbandry
30:15 Scale Barding Armor
30:21 Forging
30:29 Murder Holes
33:03 Chain Barding Armor
36:49 Imperial Age
35:04 Fortified Wall
35:07 Town Watch
36:36 Stone Shaft Mining
36:26 Elite Skirmisher
37:18 Fletching
37:29 Padded Archer Armor
38:15 Conscription
37:56 Grand Trunk Road
39:32 Two-Man Saw
39:37 Bloodlines
40:31 Iron Casting
42:27 Plate Barding Armor
43:46 Blast Furnace
43:50 Leather Archer Armor
SGTSanju
12:39 Feudal Age
16:09 Castle Age
14:04 Double-Bit Axe
21:43 Bloodlines
22:41 Gold Mining
24:22 Husbandry
25:01 Forging
28:50 Horse Collar
29:26 Bow Saw
30:35 Stone Mining
34:03 Heavy Plow
37:47 Stone Shaft Mining
38:35 Scale Barding Armor
43:36 Chain Barding Armor
SGTbubbles
13:14 Feudal Age
15:02 Loom
23:38 Castle Age
22:36 Double-Bit Axe
34:47 Imperial Age
32:27 Horse Collar
34:46 Caravan
41:18 Town Watch
42:00 Murder Holes
Alexaumax
12:53 Feudal Age
11:59 Wheelbarrow
11:07 Horse Collar
11:52 Double-Bit Axe
22:22 Castle Age
20:42 Gold Mining
20:43 Stone Mining
22:30 Hand Cart
22:40 Scale Barding Armor
23:07 Bow Saw
26:01 Gold Shaft Mining
26:01 Stone Shaft Mining
25:35 Heavy Plow
25:11 Elite Skirmisher
26:27 Forging
27:11 Pikeman
29:35 Cavalier
30:37 Scale Mail Armor
32:52 Chain Barding Armor
38:23 Imperial Age
40:51 Chemistry
39:18 Halberdier
40:19 Chain Mail Armor
Guitencule
0:27 Loom
13:02 Feudal Age
15:31 Arson
19:11 Man-at-Arms
21:24 Town Watch
23:40 Castle Age
21:27 Horse Collar
21:41 Double-Bit Axe
21:50 Gold Mining
23:48 Forging
23:28 Fletching
25:15 Wheelbarrow
26:21 Pikeman
26:47 Gambesons
27:02 Squires
28:03 Crossbowman
28:50 Thumb Ring
28:54 Heavy Plow
30:37 Caravan
31:52 Scale Mail Armor
31:48 Bodkin Arrow
31:58 Elite Skirmisher
33:17 Bow Saw
34:44 Iron Casting
34:29 Padded Archer Armor
39:33 Imperial Age
40:02 Husbandry
40:13 Bloodlines
40:01 Capped Ram
42:40 Cavalier
43:32 Scale Barding Armor
43:44 Chain Mail Armor
43:44 Leather Archer Armor
DEMBOW
10:29 Feudal Age
11:53 Wheelbarrow
11:06 Double-Bit Axe
16:05 Bloodlines
21:36 Castle Age
28:44 Bow Saw
28:43 Gold Mining
29:12 Fletching
31:46 Padded Archer Armor
32:42 Horse Collar
34:30 Bodkin Arrow
34:51 Leather Archer Armor
35:44 Hand Cart
36:18 Ballistics
37:22 Heavy Plow
40:16 Imperial Age
41:06 Bracer
41:21 Leather Archer Armor
41:13 Scale Barding Armor
41:20 Forging
40:32 Heavy Cavalry Archer
41:47 Crop Rotation
42:36 Conscription
42:28 Timurid Siegecraft
Connection lost

Rejoining the realm…

Still unreachable

The connection could not be restored.

Session expired

The server has moved on; the page needs a fresh start.